 Dungeon Crawl Stone Soup version 0.30-b1-2-g02819fbbbe (webtiles) character file.

Game seed: 13884102578496164008

144 manyhoops the Digger (level 4, -6/36 HPs)
             Began as a Demigod Earth Elementalist on Nov 30, 2023.
             Splashed by a jelly's acid (9 damage)
             ... in a sewer.
             The game lasted 00:03:12 (2754 turns).

manyhoops the Digger (Demigod Earth Elementalist)   Turns: 2754, Time: 00:03:12

Health: -6/36      AC: -6    Str:  9    XL:     4   Next: 76%
Magic:  6/11       EV: 17    Int: 21    God:
Gold:   68         SH:  0    Dex: 14    Spells: 2/8 levels left

rFire   . . .        (no weapon)
rCold   . . .        (no shield)
rNeg    . . .        a - +0 robe
rPois   .            (no helmet)
rElec   .            (no cloak)
rCorr   .            (no gloves)
SInv    .            (no boots)
Will    +....        (no amulet)
Stlth   ++           i - +5 ring of evasion
HPRegen 0.26/turn    p - ring of willpower
MPRegen 0.12/turn

%: no passive effects
@: corroded
A: high MP 1, forlorn, divine attributes
a: no special abilities


You were in a sewer.
You visited 1 branch of the dungeon, and saw 3 of its levels.
You also visited: Sewer.

You collected 68 gold pieces.

Inventory:

Armour
 a - a +0 robe (worn)
Jewellery
 i - a +5 ring of evasion (left hand)
 p - a ring of willpower (right hand)
Scrolls
 e - 3 scrolls of teleportation
 g - a scroll of immolation
 k - a scroll of fear
 m - a scroll of noise
 n - a scroll of vulnerability {unknown}
Potions
 b - a potion of magic
 c - a potion of resistance {unknown}
 d - 2 potions of curing
 f - a potion of haste
 h - a potion of heal wounds {unknown}
 o - a potion of mutation {unknown}
 q - a potion of invisibility {unknown}


   Skills:
 - Level 2.3 Fighting
 - Level 1.7 Dodging
 - Level 1.7 Stealth
 + Level 2.8 Spellcasting
 - Level 0.8 Transmutations
 + Level 3.8 Earth Magic


You had 2 spell levels left.
You knew the following spells:

 Your Spells              Type           Power      Damage    Failure   Level
a - Sandblast             Erth           36%        2d10      2%          1
b - Passwall              Tmut/Erth      10%        N/A       8%          2
c - Stone Arrow           Conj/Erth      20%        3d8       19%         3

Your spell library contained the following spells:

 Spells                   Type           Power      Damage    Failure   Level
 Apportation              Tloc           4%         N/A       14%         1
 Kiss of Death            Conj/Necr      8%         2d6       14%         1
 Ignite Poison            Fire/Tmut/Pois 4%         N/A       36%         3
 Confusing Touch          Hex            2%         N/A       38%         3
 Petrify                  Tmut/Erth      12%        N/A       45%         4
 Dispel Undead            Necr           2%         3d7       80%         4
 Sticky Flame             Conj/Fire      2%         2d3       80%         4
 Alistair's Intoxication  Tmut/Pois      2%         N/A       97%         5
 Ignition                 Fire           1%         3d3       100%        8


Dungeon Overview and Level Annotations

Branches:
Dungeon (3/15)              Sewer (1/1)


Innate Abilities, Weirdness & Mutations

You have an increased reservoir of magic. (+10% MP)
You shall have no god before yourself.
Your divine heritage dramatically boosts your attributes as you level up.


Message History

Aiming: Sandblast (safe; 3% risk of failure)
Press: ? - help, Shift-Dir - straight line, f/p - worm
Aim: a worm (moderately wounded, 94% to hit)
The blast of sand hits the worm!
The worm is severely wounded.
The jelly jiggles.
Unknown command.
Casting: Sandblast (safe; 3% risk of failure)
Confirm with . or Enter, or press ? or * to list all spells.
Aiming: Sandblast (safe; 3% risk of failure)
Press: ? - help, Shift-Dir - straight line, f/p - worm
Aim: a worm (severely wounded, 94% to hit)
The blast of sand hits the worm.
The worm is almost dead.
Unknown command.
Casting: Sandblast (safe; 3% risk of failure)
Confirm with . or Enter, or press ? or * to list all spells.
Aiming: Sandblast (safe; 3% risk of failure)
Press: ? - help, Shift-Dir - straight line, f/p - worm
Aim: a worm (almost dead, 94% to hit)
The blast of sand hits the worm.
You kill the worm!
The jelly barely misses you. The jelly hits you. The acid corrodes you!
You are splashed with acid.
The jelly closely misses you.
Casting: Sandblast (safe; 2% risk of failure)
Confirm with . or Enter, or press ? or * to list all spells.
Aiming: Sandblast (safe; 2% risk of failure)
Press: ? - help, Shift-Dir - straight line, f - jelly
Aim: a jelly (100% to hit)
The blast of sand hits the jelly!
The jelly is almost dead.
The jelly hits you.
You are splashed with acid!
The jelly hits you.
You are splashed with acid!
* * * LOW HITPOINT WARNING * * *
Okay, then.
Okay, then.
The jelly attacks as you move away! The jelly hits you.
* * * LOW HITPOINT WARNING * * *
The acid corrodes you!
You are splashed with acid!
You die...

#!.?# #.~.. ~.~~
...## ..~## ~.~#
#JJ# ####@.##
##~.~...##
#∩~~~....# ########
#~..###~.~#
#.~..... #.~#
##†~#### #...~†~.
#~~
#~~~..###..#####
#~~. ##†.~~.~##..#
##~..##..~##.~##..#
~~.~~#...##
~.##..#####


You could see 2 jellies.

Vanquished Creatures
  A gnoll (D:1)
  2 river rats (Sewer)
  4 adders (D:2)
  2 worms
  8 ball pythons
  9 endoplasms
  4 giant cockroaches
  10 hobgoblins
  A quokka (D:2)
  4 bats
  6 frilled lizards
  5 goblins (D:1)
  7 kobolds
  10 rats
73 creatures vanquished.

Notes
Turn   | Place    | Note
-------+----------+-------------------------------------------
     0 | D:1      | manyhoops the Demigod Earth Elementalist began the quest
                  | for the Orb.
     0 | D:1      | Reached XP level 1. HP: 14/14 MP: 5/5
   105 | D:1      | Reached skill level 3 in Earth Magic
   221 | D:1      | Reached XP level 2. HP: 20/20 MP: 4/7
   809 | D:1      | Reached XP level 3. HP: 26/26 MP: 7/9
  1289 | D:2      | Reached skill level 1 in Fighting
  1790 | D:2      | Reached XP level 4. HP: 36/36 MP: 4/10
  2167 | D:3      | Found a glowing drain.
  2235 | Sewer    | Entered a sewer
  2633 | Sewer    | Learned a level 2 spell: Passwall
  2637 | Sewer    | Learned a level 3 spell: Stone Arrow
  2754 | Sewer    | Splashed by a jelly's acid

Illustrated notes

Levels and vault maps discovered:
D:1:      minmay_arrival_nine_rooms, layout_basic,
          hellmonk_ecumenical_altar_run_dry
D:2:      layout_loops_ring, serial_rivers, chequers_serial_rivers_room_b,
          chequers_serial_rivers_micro_d, chequers_serial_rivers_micro_d,
          chequers_serial_rivers_micro_b, chequers_serial_rivers_small_b
D:3:      layout_basic, biasface_ghost_orc_armoury,
          cheibrodos_sewer_entry_drain, serial_shops, shop
Sewer:    sewer_hellmonk_slimy_pipes

Skill      XL: |  1  2  3 |
---------------+----------+-----
Earth Magic    | 3 |  3.8
Spellcasting   | 2 |  2.8
Fighting       | 2 |  2.3
Dodging        | |  1.7
Stealth        | |  1.7
Transmutations | |  0.8

Action                     |  1- 3 |  4- 6 || total
---------------------------+-------+-------++-------
  Melee: Unarmed           |     4 |     3 ||     7
   Cast: Sandblast         |    72 |    58 ||   130
    Use: Scroll            |       |     6 ||     6
         Potion            |       |     2 ||     2
 Armour: Robe              |     4 |     2 ||     6
  Dodge: Dodged            |    23 |    24 ||    47
